 Dungeon Crawl Stone Soup version 0.29-a0-477-g62b78b4225 (webtiles) character file.

Game seed: 8607412079651332619

119 Morbidden the Skirmisher (level 5, -4/55 HPs)
             Began as an Ogre Monk on May 25, 2022.
             Was a Priest of the Shining One.
             Slain by an orc priest
             ... wielding a +0 club
              (5 damage)
             ... on level 3 of the Dungeon.
             The game lasted 00:02:22 (2187 turns).

Morbidden the Skirmisher (Ogre Monk)                Turns: 2187, Time: 00:02:23

Health: -4/55      AC:  4    Str: 15    XL:     5   Next: 3%
Magic:  6/6        EV: 10    Int: 13    God:    the Shining One [***...]
Gold:   227        SH:  0    Dex: 11    Spells: 6/6 levels left

rFire   . . .      SeeInvis .     - Unarmed
rCold   . . .      Faith    .   (no shield)
rNeg    + . .      Spirit   .   a - +0 robe
rPois   .          Reflect  .   (helmet restricted)
rElec   .          Harm     .   q - +0 cloak
rCorr   .          Rampage  .   (gloves unavailable)
Will    .....                   (boots unavailable)
Stlth   +.........              (no amulet)
HPRegen 0.18/turn               (no ring)
MPRegen 0.10/turn               (no ring)

@: attractive, hasted, glowing, very quick
A: large, unfitting armour, tough skin 1
a: Renounce Religion, Divine Shield, Cleansing Flame


You were on level 3 of the Dungeon.
You worshipped the Shining One.
The Shining One was most pleased with you.
You visited 1 branch of the dungeon, and saw 3 of its levels.

You collected 227 gold pieces.

Inventory:

Missiles
 d - 6 poisoned darts (quivered)
Armour
 a - a +0 robe (worn)
 q - a +0 cloak (worn)
Scrolls
 b - a scroll of teleportation {unknown}
 e - a scroll of vulnerability {unknown}
 f - a scroll of fear
 h - 4 scrolls of identify {unknown}
 i - a scroll of acquirement {unknown}
 j - a scroll of enchant armour {unknown}
 k - 2 scrolls of magic mapping {unknown}
 o - a scroll of fog {unknown}
 p - 2 scrolls of poison {unknown}
 r - a scroll of blinking {unknown}
Potions
 m - a potion of heal wounds {unknown}
 n - a potion of flight {unknown}


   Skills:
 * Level 4.6 Fighting
 * Level 3.1 Dodging
 + Level 1.6 Stealth
 * Level 4.1 Unarmed Combat
 * Level 1.0 Spellcasting
 * Level 0.5 Invocations


You had 6 spell levels left.
You didn't know any spells.
Your spell library contained the following spells:

 Spells                   Type           Power      Damage    Failure   Level
 Sublimation of Blood     Necr           0%         N/A       38%         2
 Wereblood                Tmut           0%         N/A       38%         2
 Summon Hydra             Summ           0%         N/A       100%        7


Dungeon Overview and Level Annotations

Branches:
Dungeon (3/15)

Altars:
Xom
The Shining One

Annotations:
D:3 Grinder


Innate Abilities, Weirdness & Mutations

You are too large for most types of armour.
You have tough skin. (AC +1)


Message History

The orc wizard resists with some effort.
The orc priest looks frightened!
The orc wizard hits you but does no damage.
Grinder blinks!
The orc priest is attracted toward you.
Unknown command.
The orc priest is attracted toward you.
Unknown command.
The orc priest is attracted toward you.
Unknown command.
You hit the orc wizard but do no damage.
The orc wizard is severely wounded.
The orc wizard casts a spell at you. The magic dart hits you!
* * * LOW HITPOINT WARNING * * *
The orc priest is attracted toward you.
Unknown command.
You hit the orc wizard but do no damage.
The orc wizard is severely wounded.
The orc priest is attracted toward you.
Unknown command.
Unknown command.
You hit the orc priest.
Your attack snaps the orc priest out of its fear.
The orc priest is lightly wounded.
The orc priest barely misses you.
The orc wizard gestures at you while chanting.
The magic dart hits you.
* * * LOW HITPOINT WARNING * * *
Unknown command.
It was a potion of curing.
You feel better. The orc wizard completely misses you.
The orc priest calls down the wrath of Beogh upon you.
Beogh smites you!
* * * LOW HITPOINT WARNING * * *
Unknown command.
It was a potion of haste.
You feel yourself speed up.
The orc wizard hits you with a +0 dagger.
* * * LOW HITPOINT WARNING * * *
The orc priest hits you with a +0 club.
You die...

....≈≈....#####..<.....
........... .........##
≈≈........# #....≈.≈≈#
#≈≈.......# #...≈.≈..# #####
#≈...o...# #.≈≈≈≈..###.....
#≈...^.≈# #.#........>....
#≈....≈⌠######.#..##.###..≈##
#≈.....≈.§.oo.#.)###.##.....#
#≈≈.....§####@###.#
#.##...... ≈≈.......# ##.#.##
#.#≈≈≈≈≈≈≈ .........# ##..#
#......# ....≈≈..## #..#
#####..# .!..≈...# ##..#
#.....### ....... ....#
###.#...... ...... ##..#
#........≈.
###..###.#.#.#..≈≈
............#.≈≈≈


You could see an orc priest and an orc wizard (invisible).

Vanquished Creatures
  A scorpion (D:2)
  A gnoll (D:1)
  2 dart slugs (D:2)
  An orc (D:3)
  6 endoplasms
  2 giant cockroaches (D:2)
  5 goblins
  2 hobgoblins
  4 jackals (D:2)
  4 kobolds
  A quokka (D:1)
  4 ball pythons
  6 bats
  2 frilled lizards
  5 rats
46 creatures vanquished.

Notes
Turn   | Place    | Note
-------+----------+-------------------------------------------
     0 | D:1      | Morbidden the Ogre Monk began the quest for the Orb.
     0 | D:1      | Reached XP level 1. HP: 24/24 MP: 1/1
    84 | D:1      | Reached XP level 2. HP: 16/32 MP: 2/2
   461 | D:1      | Reached XP level 3. HP: 31/40 MP: 3/3
   586 | D:1      | Found a faded altar of an unknown god.
   586 | D:1      | Noticed a golden eye
   596 | D:1      | Noticed a shining eye
   596 | D:1      | Noticed a shining eye
   596 | D:1      | Noticed a golden eye
   602 | D:1      | Prayed at the altar of an unknown god.
   602 | D:1      | Became a worshipper of the Shining One
   602 | D:1      | Reached * piety under the Shining One
   602 | D:1      | Reached ** piety under the Shining One
  1077 | D:2      | Reached *** piety under the Shining One
  1128 | D:2      | Found a shimmering altar of Xom.
  1463 | D:2      | Noticed a scorpion
  1479 | D:2      | Killed a scorpion
  1480 | D:2      | Reached skill level 1 in Spellcasting
  1480 | D:2      | Reached XP level 4. HP: 24/49 MP: 5/5
  1846 | D:2      | Reached XP level 5. HP: 54/55 MP: 6/6
  2147 | D:3      | Noticed Grinder
  2187 | D:3      | HP: 1/55 [orc wizard/+0 dagger (2)]
  2187 | D:3      | Slain by an orc priest

Illustrated notes

Levels and vault maps discovered:
D:1:      minmay_arrival_glassed_features, layout_basic,
          hellmonk_ecumenical_altar_watching_god
D:2:      layout_basic, basic_altar
D:3:      layout_loops_ring, serial_rivers, chequers_serial_rivers_micro_c,
          chequers_serial_rivers_micro_e, chequers_serial_rivers_micro_d,
          chequers_serial_rivers_small_a, chequers_serial_rivers_micro_e,
          chequers_serial_rivers_large_a, kennysheep_decorative_pillar,
          uniq_grinder

Skill      XL: |  1  2  3 |
---------------+----------+-----
Unarmed Combat | 3 4 |  4.1
Dodging        | 3 |  3.1
Spellcasting   | 1 |  1.0
Fighting       | |  4.6
Stealth        | |  1.6
Invocations    | |  0.5

Action                   |  1- 3 |  4- 6 || total
-------------------------+-------+-------++-------
Melee: Unarmed           |   144 |    30 ||   174
       Punch             |     3 |     2 ||     5
  Use: Potion            |     2 |     3 ||     5
       Scroll            |       |     2 ||     2
 Stab: Sleeping          |     1 |       ||     1
Armor: Robe              |    53 |     8 ||    61
       Skin              |     7 |       ||     7
Dodge: Dodged            |    77 |    12 ||    89

Table legend: (Time is in decaauts)
 A = Elapsed time spent in this place.
 B = Non-inter-level travel time spent in this place.
 C = Inter-level travel time spent in this place.
 D = Time resting spent in this place.
 E = Time spent auto-exploring this place.
 F = Levels seen in this place.
 G = Mean time per level.
                   A        B        C        D        E       F      G
               +--------+--------+--------+--------+--------+-----+--------+
         Total |   2182 |   2128 |     54 |    377 |   1354 |   3 |  727.3 |
       Dungeon |   2182 |   2128 |     54 |    377 |   1354 |   3 |  727.3 |
               +--------+--------+--------+--------+--------+-----+--------+

Top non-repeatable levels by time:
     D:1: 1023 daAuts
     D:2: 907 daAuts
     D:3: 251 daAuts
